 Dungeon Crawl Stone Soup version 0.29-a0-819-g94b489e0ae (console) character file.

Game seed: 14839368567116732389

6 spinagon the Caller (level 1, 0/7 HPs)
             Began as a Felid Summoner on July 6, 2022.
             Slain by a jackal (2 damage)
             ... on level 1 of the Dungeon.
             The game lasted 00:01:22 (77 turns).

spinagon the Caller (Felid Summoner)                  Turns: 77, Time: 00:01:22

Health: 0/7        AC:  1    Str:  4    XL:     1   Next: 75%
Magic:  1/4        EV: 17    Int: 16    God:
Gold:   2          SH:  0    Dex: 16    Spells: 3/4 levels left
                                        Lives:  0   Deaths: 0

rFire   . . .      SeeInvis +   (weapon unavailable)
rCold   . . .      Faith    .   (shield unavailable)
rNeg    . . .      Spirit   .   (body armour unavailable)
rPois   .          Reflect  .   (helmet unavailable)
rElec   .          Harm     .   (cloak unavailable)
rCorr   .          Rampage  .   (gloves unavailable)
Will    .....                   (boots unavailable)
Stlth   ++........              (no amulet)
HPRegen 0.02/turn               (no ring)
MPRegen 0.09/turn               (no ring)

@: quick
A: very small, claws 1, fangs 3, see invisible, speed 1, shaggy fur 1, stealthy
paws, no weapons or thrown items, no armour, multi-lived
a: no special abilities


You were on level 1 of the Dungeon.
You visited 1 branch of the dungeon, and saw 1 of its levels.

You collected 2 gold pieces.

Inventory:

Potions
 a - a potion of magic


   Skills:
 + Level 2.9 Dodging
 + Level 3.0 Stealth
 + Level 2.1 Spellcasting
 + Level 4.0 Summonings


You had 3 spell levels left.
You knew the following spells:

 Your Spells              Type           Power      Damage    Failure   Level
a - Summon Small Mammal   Summ           56%        N/A       3%          1

Your spell library contained the following spells:

 Spells                   Type           Power      Damage    Failure   Level
 Call Imp                 Summ           14%        N/A       6%          2
 Call Canine Familiar     Summ           14%        N/A       12%         3
 Summon Guardian Golem    Hex/Summ       8%         N/A       26%         3
 Summon Lightning Spire   Summ/Air       8%         N/A       65%         4


Dungeon Overview and Level Annotations

Branches:
Dungeon (1/15)

Altars:


Innate Abilities, Weirdness & Mutations

You have sharp claws.
You have razor-sharp teeth.
You have supernaturally acute eyesight. (SInv)
You cover ground quickly. (Speed+)
You are covered in fur. (AC +1)
Your paws help you pounce on unaware monsters.
You are incapable of wielding weapons or throwing items.
You cannot wear armour.
You gain extra lives every three experience levels.


Message History

Your bat hits the jackal but does no damage.
Your bat barely misses the jackal.
Your bat closely misses the jackal.
The jackal closely misses you. The jackal barely misses your bat.
Your bat hits the jackal but does no damage.
You scratch the jackal.
The jackal is severely wounded.
Your bat barely misses the jackal.
Your bat closely misses the jackal.
The jackal misses you.
Your bat hits the jackal but does no damage.
Your bat barely misses the jackal.
The jackal bites your bat. The jackal bites you.
A rat comes into view. x2
Your bat hits the jackal. x2
You scratch the jackal.
You kill the jackal!
Your bat closely misses the jackal.
The jackal barely misses your bat.
Your bat hits the jackal but does no damage. x2
You scratch the jackal.
The jackal is almost dead.
Your bat completely misses the jackal.
Your bat closely misses the jackal.
The jackal bites you.
* * * LOW HITPOINT WARNING * * *
A ball python comes into view.
You are too injured to fight recklessly!
A jackal comes into view.
Your bat closely misses the jackal.
The jackal barely misses your bat.
Your bat closely misses the jackal.
Your bat hits the jackal.
The jackal dies!
A jackal comes into view.
Your bat hits the rat but does no damage.
A rat comes into view.
Your bat completely misses the rat.
Your bat hits the rat. x2
The rat dies!
Your Stealth skill increases to level 3!
Your bat closely misses the jackal.
Okay, then.
Your bat hits the jackal.
Your bat closely misses the jackal.
Your bat misses the jackal. x2
Your bat closely misses the jackal.
Your bat hits the jackal.
Your bat barely misses the jackal.
You are too injured to fight recklessly!
The jackal attacks as you move away! The jackal bites you.
You die...

### # ..# .# #.####.###
#.#...... # #...≈....
##.####..≈†≈##
#.....†...≈≈≈#
#....†.....≈≈##
#.........b≈≈≈#
#...###r.S..≈≈#
..#...###.r..h.≈# ####
..Sr......#≈..b.# +.≈##
..###.##..#≈≈#h.# #.≈≈#
...........≈##.@####.≈≈#
..##..†....#≈....#...≈#
..................'...≈#
...#####...#......'..<≈#
.. #.≈≈#......#...≈#
#.#≈≈#.#.####.≈≈#
#.#.≈#...# #.≈≈#
#...#(...# +.≈##
###.....≈# #### ##...≈≈#
#...≈≈≈# #.≈≈≈≈##
#..≈≈≈# ....≈## ###....


You could see 2 jackals, a ball python, 2 rats and 2 friendly bats.

Vanquished Creatures
  A ball python (D:1)
  2 jackals (D:1)
3 creatures vanquished.

Vanquished Creatures (collateral kills)
  A jackal (D:1)
  A rat (D:1)
2 creatures vanquished.

Grand Total: 5 creatures vanquished

Notes
Turn   | Place    | Note
-------+----------+-------------------------------------------
     0 | D:1      | spinagon the Felid Summoner began the quest for the Orb.
     0 | D:1      | Reached XP level 1. HP: 7/7 MP: 4/4
    77 | D:1      | Slain by a jackal

Illustrated notes

Levels and vault maps discovered:
D:1:      denvon_arrival_waterhouse, layout_basic,
          hellmonk_ecumenical_altar_heavens_door

Skill      XL: |  1 |
---------------+----+-----
Stealth        | 3 |  3.0
Dodging        | |  2.9
Spellcasting   | |  2.1
Summonings     | |  4.0

Action                   || total
-------------------------++-------
Melee: Unarmed           ||     9
       Bite              ||     2
 Cast: Summon Small Mamm ||     6
  Use: Scroll            ||     1
       Potion            ||     1
Dodge: Dodged            ||     9

Table legend: (Time is in decaauts)
 A = Elapsed time spent in this place.
 B = Non-inter-level travel time spent in this place.
 C = Inter-level travel time spent in this place.
 D = Time resting spent in this place.
 E = Time spent auto-exploring this place.
 F = Levels seen in this place.
 G = Mean time per level.
                   A        B        C        D        E       F      G
               +--------+--------+--------+--------+--------+-----+--------+
         Total |     69 |     69 |      0 |      0 |     36 |   1 |   69.0 |
       Dungeon |     69 |     69 |      0 |      0 |     36 |   1 |   69.0 |
               +--------+--------+--------+--------+--------+-----+--------+

Top non-repeatable levels by time:
     D:1: 69 daAuts
